 Dungeon Crawl Stone Soup version 0.17.0-28-g6e173f8 (webtiles) character file.

501 septik the Insei (level 7, 0/62 HPs)
             Began as a Naga Monk on Nov 24, 2015.
             Was a Believer of Cheibriados.
             Slain by a worker ant (2 damage)
             ... on level 5 of the Dungeon.
             The game lasted 00:13:55 (4812 turns).

septik the Insei (Naga Monk)                        Turns: 4812, Time: 00:13:55

Health: 0/62       AC:  9    Str: 19    XL:     7   Next: 17%
Magic:  6/7        EV:  7    Int: 15    God:    Cheibriados [**....]
Gold:   238        SH:  0    Dex: 20    Spells: 0 memorised, 6 levels left

rFire  . . .     SeeInvis +       - Unarmed
rCold  . . .     Clarity  .     t - +0 chain mail
rNeg   . . .     SustAt   .     (no shield)
rPois  +         Gourm    .     A - +0 helmet
rElec  .         Spirit   .     g - +0 cloak
rCorr  .         Warding  .     x - +0 pair of gloves
rMut   .         Stasis   .     (no barding)
MR     .....                    (no amulet)
Stlth  ..........               (no ring)
                                (no ring)

@: invisible, very slow, not resistant to hostile enchantments, extremely
unstealthy
A: see invisible, deformed body, poison resistance, slowness 2, slow metabolism
1, spit poison 2, AC +2
a: Spit Poison, Bend Time, Renounce Religion


You were on level 5 of the Dungeon.
You worshipped Cheibriados.
Cheibriados was pleased with you.
You were not hungry.

You visited 2 branches of the dungeon, and saw 6 of its levels.

You collected 238 gold pieces.

Inventory:

Missiles
 h - 4 javelins (quivered)
 n - 75 stones
 q - 7 needles of confusion
 v - 5 poisoned needles
Armour
 g - a +0 cloak (worn)
 t - a +0 chain mail (worn)
 x - a +0 pair of gloves (worn)
 A - a +0 helmet (worn)
 I - a +0 robe
Jewellery
 G - an uncursed amulet of resist mutation {unknown}
Wands
 C - a wand of slowing (25)
Scrolls
 c - 4 scrolls of teleportation {unknown}
 e - 6 scrolls of recharging {unknown}
 i - 2 scrolls of amnesia {unknown}
 k - 2 scrolls of noise {unknown}
 o - a scroll of enchant weapon {unknown}
 r - 7 scrolls of identify {unknown}
 s - 5 scrolls of remove curse {unknown}
 u - a scroll of blinking {unknown}
 y - a scroll of fog {unknown}
 D - a scroll of immolation {unknown}
 F - a scroll of enchant armour {unknown}
Potions
 d - a potion of resistance {unknown}
 f - a potion of might {unknown}
 j - a potion of agility
 l - a potion of degeneration {unknown}
 m - a potion of invisibility
 p - a potion of curing {unknown}
 z - a potion of poison {unknown}
 E - a potion of brilliance {unknown}
 J - a potion of lignification {unknown}
Books
 H - a book of Air

   Spells                             Type                      Level
   a - Shock                          Conjuration/Air              1
   b - Swiftness                      Charms/Air                   2
   c - Repel Missiles                 Charms/Air                   2
   d - Static Discharge               Conjuration/Air              3
   e - Lightning Bolt                 Conjuration/Air              5
Comestibles
 a - a beef jerky
 b - 3 bread rations
 w - 8 fruits
 B - a meat ration


   Skills:
 - Level 3.5 Fighting
 - Level 0.5 Armour
 - Level 3.2 Dodging
 - Level 3.8 Stealth
 + Level 7.4 Unarmed Combat


You had 6 spell levels left.
You didn't know any spells.

Dungeon Overview and Level Annotations

Branches:
Dungeon (5/15)             Temple (1/1) D:4

Altars:
Cheibriados
Dithmenos
Fedhas
Makhleb
Nemelex Xobeh
Okawaru
Qazlal
Sif Muna
Trog
Xom
Yredelemnul

Shops:
D:4 =

Annotations:
D:3 Uberwunderbarhen's ghost, amateur OpSk
D:5 Grinder


Innate Abilities, Weirdness & Mutations

You cannot wear boots.
Your serpentine skin is tough (AC +2).
You have supernaturally acute eyesight.
Armour fits poorly on your strangely shaped body.
Your system is resistant to poisons.
You cover ground very slowly.
You have a slow metabolism.
You can spit poison.


Message History

Press: ? - help, Shift-Dir - straight line, f/p - Grinder
Aim: Grinder (severely wounded)
The splash of poison hits Grinder.
Grinder is almost dead.
You feel slightly more hungry. The worker ant bites you.
* * * LOW HITPOINT WARNING * * *
Grinder hits you!
* * * LOW HITPOINT WARNING * * *
The worker ant barely misses you. x2
Your chain mail prevents you from hitting the worker ant.
You have got your breath back.
The worker ant bites you.
* * * LOW HITPOINT WARNING * * *
Grinder gestures.
Grinder blinks!
Drink which item? (? for menu, Esc to quit)
It was a potion of invisibility.
You fade into invisibility!
The worker ant bites you.
You die...

# #............. #
######......####### #
#....#......+.....## #
.......#....+......#.......
#
.%.....#....#......#'##..##
#
.......#....####'#....#..##
#
.......#.........#....#..##
#
.......#.........#....#....
#
.......#..@......#....#..##
#
......†###a###...#....#..##
#
..........§..#####....#..##
# .............# +....+..##
# .............# #....#....
# #######......# #..## #
#....5.# #+### # #......#
.. # #......+ ....


You could see Grinder and a worker ant.

Vanquished Creatures
  Sigmund (D:4)
  A crimson imp (D:5)
  A jelly (D:5)
  2 worker ants (D:4)
  An iguana (D:5)
  A hound skeleton (D:4)
  7 adders
  3 gnolls
  2 oozes
  An adder zombie (D:5)
  A worm (D:3)
  4 giant geckos
  4 orcs
  2 ball pythons (D:4)
  5 giant cockroaches
  12 goblins
  8 hobgoblins
  8 jackals
  A quokka (D:4)
  6 bats
  A giant gecko zombie (D:5)
  6 giant newts
  5 kobolds
  7 rats
90 creatures vanquished.

Notes
Turn   | Place    | Note
--------------------------------------------------------------
     0 | D:1      | septik the Naga Monk began the quest for the Orb.
     0 | D:1      | Reached XP level 1. HP: 21/21 MP: 1/1
     0 | D:1      | Noticed a vine stalker skeleton
     1 | D:1      | Noticed a centaur skeleton
     1 | D:1      | Noticed a troll skeleton
     4 | D:1      | Noticed a troll skeleton
     6 | D:1      | Noticed a human skeleton
    11 | D:1      | Noticed a minotaur skeleton
    14 | D:1      | Noticed a draconian skeleton
    15 | D:1      | Noticed an elf skeleton
    17 | D:1      | Noticed a centaur skeleton
    17 | D:1      | Noticed a troll skeleton
    19 | D:1      | Noticed a spriggan skeleton
    21 | D:1      | Noticed a minotaur skeleton
   332 | D:1      | Reached XP level 2. HP: 25/28 MP: 2/2
   653 | D:1      | Found a sparkling altar of Nemelex Xobeh.
   830 | D:1      | Reached XP level 3. HP: 34/34 MP: 3/3
  1976 | D:2      | Found a blossoming altar of Fedhas.
  2023 | D:2      | Reached XP level 4. HP: 42/42 MP: 4/4
  2379 | D:3      | Found a shadowy altar of Dithmenos.
  2609 | D:3      | Reached XP level 5. HP: 17/49 MP: 5/5
  3036 | D:3      | Noticed Uberwunderbarhen's ghost (amateur OpSk)
  3074 | D:3      | Reached skill level 5 in Unarmed Combat
  3573 | D:4      | Found Noguijan's Jewellery Shoppe.
  3591 | D:4      | Noticed Sigmund
  3600 | D:4      | Killed Sigmund
  3600 | D:4      | Reached skill level 6 in Unarmed Combat
  3600 | D:4      | Reached XP level 6. HP: 38/56 MP: 6/6
  3984 | D:4      | Found a staircase to the Ecumenical Temple.
  3996 | Temple   | Entered the Ecumenical Temple
  4215 | D:4      | Found a snail-covered altar of Cheibriados.
  4234 | D:4      | Became a worshipper of Cheibriados the Contemplative
  4234 | D:4      | Reached * piety under Cheibriados
  4234 | D:4      | Reached ** piety under Cheibriados
  4316 | D:5      | Entered Level 5 of the Dungeon
  4473 | D:5      | Reached skill level 7 in Unarmed Combat
  4536 | D:5      | Reached XP level 7. HP: 54/62 MP: 7/7
  4785 | D:5      | Noticed Grinder
  4809 | D:5      | HP: 3/62 [Grinder (7)]
  4812 | D:5      | Slain by a worker ant

Action                   |  1- 3 |  4- 6 |  7- 9 || total
-------------------------+-------+-------+-------++-------
Melee: Unarmed           |   111 |   153 |    29 ||   293
Invok: Bend Time         |       |       |     1 ||     1
 Abil: Spit Poison       |    15 |    40 |     5 ||    60
  Use: Potion            |       |       |     1 ||     1
 Stab: Sleeping          |     4 |       |       ||     4
  Eat: Chunk             |     3 |     8 |     2 ||    13
